 Dungeon Crawl Stone Soup version 0.29.0-13-gc9e81de378 (webtiles) character file.

Game seed: 15418381337032427133

24997 groovy9 the Severer (level 13, -1/124 HPs)
             Began as a Hill Orc Fighter on Sept 11, 2022.
             Was a High Priest of Okawaru.
             Slain by a Hell Sentinel (16 damage)
             ... on level 2 of the Abyss.
             The game lasted 00:45:33 (15948 turns).

groovy9 the Severer (Hill Orc Fighter)             Turns: 15948, Time: 00:45:34

Health: -1/124     AC: 23    Str: 32    XL:     13   Next: 16%
Magic:  24/28      EV: 13    Int: 10    God:    Okawaru [*****.]
Gold:   1074       SH:  6    Dex: 17    Spells: 12/12 levels left

rFire   + . .      SeeInvis +   a - +3 war axe (vorpal)
rCold   . . .      Faith    +   c - +0 buckler
rNeg    + . .      Spirit   .   r - +5 ring mail of the Cricket {MP+9 Str+4 Dex+3}
rPois   +          Reflect  .   (no helmet)
rElec   +          Harm     .   i - +0 cloak
rCorr   .          Rampage  .   n - +2 pair of gloves of Pan-Flutes {Str+4}
Will    .....                   o - +2 pair of boots
Stlth   ++........              A - amulet "Epiucaaw" {Faith rElec rN+ Int+2}
HPRegen 0.00/turn               p - ring of protection from fire
MPRegen 0.21/turn               q - ring of Odoxarph {rPois Dex+4 SInv}

@: mighty, heroic, finesse-ful, inhibited regen
A: inhibited regeneration
a: Renounce Religion, Heroism, Finesse, Duel


You were on level 2 of the Abyss.
You worshipped Okawaru.
Okawaru was extremely pleased with you.
You visited 3 branches of the dungeon, and saw 14 of its levels.
You visited the Abyss 1 time.

You collected 1399 gold pieces.
You spent 325 gold pieces at shops.

Inventory:

Hand Weapons
 a - a +3 vorpal war axe (weapon)
 b - a +4 flail
 w - a +2 vorpal executioner's axe
Missiles
 v - a throwing net (quivered)
Armour
 c - a +0 buckler (worn)
 i - a +0 cloak (worn)
 n - the +2 pair of gloves of Pan-Flutes (worn) {Str+4}
   (Okawaru gifted it to you on level 11 of the Dungeon)

   Str:       It affects your strength (+4).
 o - a +2 pair of boots (worn)
 r - the +5 ring mail of the Cricket (worn) {MP+9 Str+4 Dex+3}
   (You found it on level 7 of the Dungeon)

   Str:       It affects your strength (+4).
   Dex:       It affects your dexterity (+3).
   MP:        It affects your magic capacity (+9).
Jewellery
 g - a +6 ring of dexterity
 p - a ring of protection from fire (left hand)
 q - the ring of Odoxarph (right hand) {rPois Dex+4 SInv}
   (You acquired it on level 6 of the Dungeon)

   [ring of see invisible]

   Dex:       It affects your dexterity (+4).
   rPois:     It protects you from poison.
   SInv:      It lets you see invisible.
 A - the amulet "Epiucaaw" (around neck) {Faith rElec rN+ Int+2}
   (You acquired it on level 11 of the Dungeon)

   [amulet of faith]

   It allows you to gain divine favour quickly.
   Int:       It affects your intelligence (+2).
   rElec:     It insulates you from electricity.
   rN:        It protects you from negative energy.
 C - a ring of see invisible
Wands
 y - a wand of flame (5)
Scrolls
 e - 5 scrolls of vulnerability
 h - 4 scrolls of magic mapping
 k - 5 scrolls of teleportation
 z - a scroll of silence
 B - a scroll of torment
 E - a scroll of identify
 F - a scroll of immolation
Potions
 d - 2 potions of might
 f - a potion of berserk rage
 l - 2 potions of magic
 m - 2 potions of curing
 s - 2 potions of mutation
 t - a potion of ambrosia
 u - a potion of flight
 x - 3 potions of attraction


   Skills:
 + Level 14.0(19.0) Fighting
 * Level 16.9(21.9) Axes
 + Level 12.9(17.9) Armour
 - Level 3.2(8.2) Shields
 - Level 9.2 Invocations


You had 12 spell levels left.
You didn't know any spells.
Your spell library contained the following spells:

 Spells                   Type           Power      Damage    Failure   Level
 Apportation              Tloc           0%         N/A       50%         1
 Necrotise                Necr           0%         1d4       50%         1
 Slow                     Hex            0%         N/A       50%         1
 Ensorcelled Hibernation  Hex/Ice        0%         N/A       65%         2
 Passwall                 Tmut/Erth      0%         N/A       65%         2
 Confusing Touch          Hex            0%         N/A       86%         3
 Swiftness                Air            0%         N/A       86%         3
 Vampiric Draining        Necr           0%         2d6       86%         3
 Corpse Rot               Necr/Pois/Air  0%         N/A       99%         4
 Dispel Undead            Necr           0%         3d6       99%         4
 Alistair's Intoxication  Tmut/Pois      0%         N/A       100%        5
 Storm Form               Tmut/Air       0%         N/A       100%        7
 Maxwell's Capacitive Co  Air            0%         ∞         100%        8
 Summon Small Mammal      Summ           Unusable   N/A       N/A         1
 Summon Lightning Spire   Summ/Air       Unusable   N/A       N/A         4
 Death Channel            Necr           Unusable   N/A       N/A         6

Dungeon Overview and Level Annotations

Branches:
Dungeon (11/15)            Temple (1/1) D:6            Lair (0/5) D:11
    Orc (2/2) D:9             Elf (0/3) Orc:2

Altars:
Ashenzari
Cheibriados
Dithmenos
Elyvilon
Fedhas
Gozag
Hepliaklqana
Kikubaaqudgha
Makhleb
Nemelex Xobeh
Okawaru
Qazlal
Ru
Sif Muna
Trog
Uskayaw
Vehumet
Wu Jian
Xom
Yredelemnul
Zin
The Shining One

Shops:
Orc:2 **[=(


Innate Abilities, Weirdness & Mutations

You do not regenerate when monsters are visible.


Message History

The Hell Sentinel is lightly wounded.
You slice the Hell Sentinel!!
The Hell Sentinel is moderately wounded.
Something shouts, "Slither home, thou villainous beef-witted bandersnitch!"
You hit the Hell Sentinel but do no damage.
The Hell Sentinel is moderately wounded.
The Hell Sentinel gestures at you.
The sphere of damnation explodes!
The damnation engulfs you!!
The damnation engulfs the Hell Sentinel.
The Hell Sentinel completely resists.
You hear an angry hiss.
You completely miss the Hell Sentinel.
The Hell Sentinel is moderately wounded.
You slice the Hell Sentinel!!
The Hell Sentinel is heavily wounded.
You feel very mighty all of a sudden.
A smoke demon comes into view.
The Hell Sentinel hits you!
* * * LOW HITPOINT WARNING * * *
The Hell Sentinel hits you!
* * * LOW HITPOINT WARNING * * *
You barely miss the Hell Sentinel.
The Hell Sentinel is heavily wounded.
You block the Hell Sentinel's attack.
The Hell Sentinel hits you but does no damage.
You slash the Hell Sentinel!
The Hell Sentinel is severely wounded.
You barely miss the Hell Sentinel.
The Hell Sentinel is severely wounded.
You hit the Hell Sentinel.
The Hell Sentinel is severely wounded.
The Hell Sentinel hits you but does no damage. x2
You hit the Hell Sentinel but do no damage.
The Hell Sentinel is severely wounded.
You hit the Hell Sentinel but do no damage.
The Hell Sentinel is severely wounded.
You barely miss the Hell Sentinel.
The Hell Sentinel is severely wounded.
The Hell Sentinel hits you!
You die...

#?. ... ..
#x..#########
# #..#.# ....
.#.# ...
...## #1 #.
#..##.#..# ..
#. .#.#... ..
### 35.# #
##1.# # #@#
##.# # ##..#
.# #. #
#.##.#§ ....
..## # .. # #
# #. . . . #
### .... ...
. . ##.#. .
w# # # #.###.
# #. . # . #


You could see a Hell Sentinel, a smoke demon and a white imp.

Vanquished Creatures
  A tentacled starspawn (Abyss:2)
  An orc warlord (Orc:2)
  An ettin (Orc:1)
  A hydra (D:11)
  A boulder beetle (D:11)
  Erica (D:8)
  2 two-headed ogres
  3 orc high priests (Orc:2)
  An orc knight (Orc:2)
  A wizard (D:11)
  Pikel (D:4)
  3 deep elf pyromancers (D:11)
  A manticore (D:11)
  4 orc sorcerers (Orc:2)
  Joseph (D:9)
  A smoke demon (Abyss:2)
  3 komodo dragons (D:11)
  2 unseen horrors
  4 trolls
  A hornet (D:10)
  Grinder (D:5)
  2 wyverns (D:9)
  2 shadows
  15 yaks
  A basilisk (D:11)
  4 wargs
  A large abomination (Abyss:2)
  2 water moccasins
  An acid dragon (D:11)
  2 black bears
  23 orc warriors
  6 ogres
  An ice beast (D:8)
  A sky beast (D:8)
  4 centaurs
  A phantom (D:4)
  A kobold brigand (D:8)
  2 bullfrogs
  3 scorpions (D:4)
  9 wights (D:8)
  4 killer bees
  An electric eel (D:10)
  A howler monkey (D:10)
  4 crimson imps (D:3)
  A gnoll bouda (D:10)
  11 orc priests
  4 hounds
  3 jellies
  5 iguanas
  Ijyb (D:5)
  20 orc wizards
  13 gnolls
  5 adders
  4 shadow imps
  A white imp (D:5)
  An ufetubus (D:6)
  A worm (D:2)
  2 dart slugs (D:1)
  68 orcs
  5 bats
  14 endoplasms
  6 giant cockroaches
  6 goblins
  9 hobgoblins
  8 jackals (D:1)
  7 kobolds
  A quokka (D:5)
  A ball python (D:1)
  6 frilled lizards
  8 rats
337 creatures vanquished.

Vanquished Creatures (others)
  24 fungi (Orc:2)
  7 starspawn tentacles (Abyss:2)
31 creatures vanquished.

Grand Total: 368 creatures vanquished

Notes
Turn   | Place    | Note
-------+----------+-------------------------------------------
     0 | D:1      | groovy9 the Hill Orc Fighter began the quest for the Orb.
     0 | D:1      | Reached XP level 1. HP: 19/19 MP: 1/1
     1 | D:1      | Found a runed translucent door.
    98 | D:1      | Reached skill level 3 in Axes
   265 | D:1      | Reached XP level 2. HP: 26/26 MP: 2/2
   396 | D:1      | Reached skill level 4 in Axes
   752 | D:1      | Reached XP level 3. HP: 27/31 MP: 3/3
  1131 | D:1      | Reached skill level 5 in Axes
  1389 | D:2      | Reached XP level 4. HP: 35/39 MP: 4/4
  1600 | D:2      | Reached skill level 6 in Axes
  1963 | D:3      | Reached XP level 5. HP: 43/45 MP: 5/5
  2026 | D:3      | Found a shimmering altar of Xom.
  2039 | D:3      | Reached skill level 7 in Axes
  2049 | D:3      | Reached skill level 8 in Axes
  2049 | D:3      | Reached XP level 6. HP: 49/51 MP: 6/6
  2309 | D:3      | Found a faded altar of an unknown god.
  2914 | D:4      | Reached skill level 9 in Axes
  2917 | D:4      | Reached XP level 7. HP: 50/57 MP: 7/7
  3098 | D:4      | Noticed Pikel
  3105 | D:4      | Killed Pikel
  3106 | D:4      | Reached skill level 11 in Axes
  3106 | D:4      | Reached XP level 8. HP: 64/64 MP: 8/8
  3244 | D:4      | Reached skill level 12 in Axes
  3570 | D:5      | Entered Level 5 of the Dungeon
  3661 | D:5      | Noticed Grinder
  3661 | D:5      | Paralysed by Grinder for 4 turns
  3671 | D:5      | Killed Grinder
  3785 | D:5      | Reached skill level 5 in Fighting
  4285 | D:5      | You fall into a shaft and drop 3 floors!
  4334 | D:8      | Found a flagged portal.
  4533 | D:5      | Noticed Ijyb
  4546 | D:5      | Killed Ijyb
  4547 | D:5      | Reached skill level 5 in Armour
  4941 | D:5      | Found a sacrificial altar of Ru.
  4943 | D:5      | Found a shimmering blue altar of Sif Muna.
  5058 | D:5      | Reached XP level 9. HP: 75/75 MP: 9/9
  5727 | D:6      | Identified a scroll of acquirement
  5728 | D:6      | Acquired the ring of Odoxarph {rPois Dex+4 SInv}
  5847 | D:6      | Noticed a two-headed ogre
  5854 | D:6      | Killed a two-headed ogre
  6043 | D:6      | Found a staircase to the Ecumenical Temple.
  6053 | Temple   | Entered the Ecumenical Temple
  6053 | Temple   | Found a transporter.
  6053 | Temple   | Found a transporter.
  6055 | Temple   | Found a transporter.
  6055 | Temple   | Found a transporter.
  6076 | Temple   | Became a worshipper of Warmaster Okawaru
  6315 | D:7      | Identified the +5 ring mail of the Cricket {MP+9 Str+4
                  | Dex+3}
  6838 | D:8      | Reached * piety under Okawaru
  6977 | D:8      | Noticed a two-headed ogre
  6987 | D:8      | Killed a two-headed ogre
  6988 | D:8      | Reached XP level 10. HP: 54/93 MP: 10/10
  7215 | D:8      | Reached ** piety under Okawaru
  7284 | D:8      | Reached skill level 10 in Fighting
  7291 | D:8      | Reached skill level 1 in Invocations
  7344 | D:8      | Noticed Erica
  7362 | D:8      | Killed Erica
  7466 | D:8      | Found a white marble altar of Elyvilon.
  7489 | D:8      | Found a burning altar of Makhleb.
  8151 | D:9      | Reached *** piety under Okawaru
  8152 | D:9      | Reached skill level 13 in Axes
  8234 | D:9      | Found a staircase to the Orcish Mines.
  8410 | D:9      | Noticed Joseph
  8438 | D:9      | Killed Joseph
  8439 | D:9      | Reached skill level 10 in Armour
  8439 | D:9      | Reached XP level 11. HP: 63/94 MP: 14/14
  8627 | D:9      | Reached skill level 5 in Invocations
  9081 | Orc:1    | Entered Level 1 of the Orcish Mines
  9170 | Orc:1    | Reached **** piety under Okawaru
  9242 | Orc:2    | Entered Level 2 of the Orcish Mines
  9242 | Orc:2    | Noticed an ettin
  9255 | Orc:1    | Killed an ettin
  9479 | Orc:2    | Noticed an orc sorcerer
  9572 | Orc:2    | Paralysed by an orc sorcerer for 4 turns
  9650 | Orc:2    | Noticed a soul eater
  9778 | Orc:2    | Noticed an orc high priest
  9781 | Orc:2    | Killed an orc sorcerer
  9790 | Orc:1    | Reached skill level 14 in Axes
 10059 | Orc:2    | Noticed a sun demon
 10060 | Orc:2    | Found Ohuekkela's General Store.
 10360 | Orc:2    | Noticed a soul eater
 10378 | Orc:2    | Killed an orc high priest
 10558 | Orc:2    | Found Vicsineo's Antique Armour Boutique.
 10576 | Orc:2    | Noticed an orc sorcerer
 10608 | Orc:2    | Killed an orc sorcerer
 10720 | Orc:2    | Found a burning altar of Makhleb.
 10752 | Orc:2    | Reached ***** piety under Okawaru
 10808 | Orc:2    | Found Jiuluhef's General Store.
 10839 | Orc:2    | Noticed an orc sorcerer
 10848 | Orc:2    | Noticed a sun demon
 10856 | Orc:2    | HP: 3/100 [sun demon[an orc sorcerer] (10)]
 10967 | Orc:2    | Gained mutation: You do not regenerate when monsters are
                  | visible. [a neqoxec]
 10975 | Orc:2    | Killed an orc sorcerer
 11282 | Orc:2    | Noticed an orc high priest
 11287 | Orc:2    | Found Waoc's Jewellery Emporium.
 11297 | Orc:2    | Killed an orc high priest
 11305 | Orc:2    | Noticed an orc knight
 11324 | Orc:2    | Killed an orc knight
 11325 | Orc:2    | Reached XP level 12. HP: 62/113 MP: 7/18
 11339 | Orc:2    | Found a staircase to the Elven Halls.
 11517 | Orc:2    | Noticed an orc warlord
 11603 | Orc:2    | Noticed an orc high priest
 11612 | Orc:2    | Killed an orc high priest
 12147 | Orc:2    | Bought a ring of protection from fire for 325 gold pieces
 12250 | Orc:2    | Found Timpemat's Antique Weapon Boutique.
 12417 | Orc:2    | Killed an orc warlord
 12418 | Orc:2    | Reached skill level 15 in Axes
 12791 | D:10     | Entered Level 10 of the Dungeon
 13860 | D:11     | Noticed a boulder beetle
 14044 | D:11     | Killed a boulder beetle
 14259 | D:11     | Received a gift from Okawaru
 14373 | D:11     | Identified the +1 scale mail "Qoid" {*Corrode Dex+8}
 14408 | D:11     | Noticed a seven-headed hydra
 14424 | D:11     | Killed a seven-headed hydra
 14430 | D:11     | Reached skill level 16 in Axes
 15199 | D:11     | Reached XP level 13. HP: 58/123 MP: 9/19
 15453 | D:11     | Found a staircase to the Lair.
 15462 | D:11     | Acquired the amulet "Epiucaaw" {Faith rElec rN+ Int+2}
 15659 | D:11     | Identified the +2 pair of gloves of Pan-Flutes {Str+4}
                  | (Okawaru gifted it to you on level 11 of the Dungeon)
 15659 | D:11     | Received a gift from Okawaru
 15715 | Abyss:2  | Cast into level 2 of the Abyss (a wizard)
 15743 | Abyss:2  | Noticed a tentacled starspawn
 15810 | Abyss:2  | Found a corrupted altar of Lugonu.
 15893 | Abyss:2  | Killed a tentacled starspawn
 15923 | Abyss:2  | Noticed a starcursed mass
 15923 | Abyss:2  | Noticed a Hell Sentinel
 15948 | Abyss:2  | Slain by a Hell Sentinel

Illustrated notes

Levels and vault maps discovered:
D:1:      dpeg_arrival_caged_fury, layout_basic, nrook_uturn, minivault_11
D:2:      layout_rooms, hex_intersection
D:3:      layout_loops_ring, led_xom_imps, dreamdust_ecumenical_altar_grove
D:4:      layout_loops_corners, nicolae_elevator_lobby_asterisk, uniq_pikel
D:5:      layout_loops_corners, jmf_multi_god_temple, chequers_arboretum,
          hangedman_decor_peaks_small, uniq_grinder, uniq_ijyb
D:6:      layout_rooms, minmay_temple_entry_poolview,
          chequers_hall_statues_corner_a, amcnicky_mini_rare_corridor_liquid
D:7:      layout_rooms
D:8:      layout_basic, mainiacjoe_overflow_catwalk_spiral, enter_bailey_6,
          nicolae_kite_square_tiling_tiny, kennysheep_cluttered_room, uniq_erica
D:9:      layout_roguey, hiddenorc2_lemuel, uniq_joseph
D:10:     layout_roguey, kennysheep_opposing_triangles
D:11:     cheibrodos_lost_city_excavation, layout_cave_pools, erik_lair_dragon
Temple:   hellmonk_temple_divided_pantheon
Orc:1:    nicolae_orc_accident_2, layout_caves
Orc:2:    grunt_orc_gardens, layout_caves, grunt_orc_garden, grunt_orc_garden,
          grunt_orc_garden, grunt_orc_garden, serial_shops,
          nicolae_shop_hallway_plus, bloody_makhleb
Abyss:2:  base: D:4, hangedman_abyss_or_decor_passed,
          hangedman_abyss_or_decor_slice

Skill      XL: |  1  2  3  4  5  6  7  8  9 10 11 12 13 |
---------------+----------------------------------------+-----
Axes           | 3 4 5 6 8 9 11 12 13 14 16 | 16.9
Fighting       | 6 9 10 12 13 14 | 14.0
Armour         | 5 9 10 11 12 | 12.9
Invocations    | 4 8 9 |  9.2
Shields        | |  3.2

Action                   |  1- 3 |  4- 6 |  7- 9 | 10-12 | 13-15 || total
-------------------------+-------+-------+-------+-------+-------++-------
Melee: War axe           |   120 |   110 |   186 |   576 |    52 ||  1044
       Flail             |       |       |       |    15 |       ||    15
       Executioner's axe |       |       |       |    15 |       ||    15
       Punch             |       |       |       |     1 |       ||     1
Invok: Finesse           |       |       |       |    10 |     2 ||    12
       Heroism           |       |       |       |    10 |     1 ||    11
  Use: Scroll            |     2 |     2 |    15 |     9 |     1 ||    29
       Potion            |     1 |     2 |     2 |     2 |     2 ||     9
 Stab: Sleeping          |       |       |       |     2 |       ||     2
Armor: Scale mail        |    49 |       |       |       |       ||    49
       Chain mail        |     6 |    59 |    83 |       |       ||   148
       Ring mail         |       |       |    20 |   199 |     9 ||   228
Dodge: Dodged            |    48 |    30 |    59 |   229 |     7 ||   373
Block: Buckler           |    27 |    20 |    49 |   123 |     5 ||   224
